 Dungeon Sprint DCSS version 0.17-a0-1504-gb7d9117 (webtiles) character file.

483832 nuthulu the Minotaur Barricade (level 19, 207/207 HPs)
             Began as a Minotaur Fighter on July 7, 2015.
             Was the Champion of Cheibriados.
             Escaped with the Orb!
             The game lasted 00:20:15 (3273 turns).

nuthulu the Minotaur Barricade (Minotaur Fighter)   Turns: 3273, Time: 00:20:16

Health: 207/207    AC: 52    Str: 54    XL:     19   Next: 10%
Magic:  37/37      EV: 32    Int: 16    God:    Cheibriados [******]
Gold:   0          SH: 41    Dex: 27    Spells: 0 memorised, 49 levels left

rFire  + . .     SeeInvis +     J - +14 obsidian axe {chop, +Fly Str+3 SInv *Curse}
rCold  + . .     Clarity  .     K - +15 Maxwell's patent armour {-Cast -Tele rElec MR+ rCorr}
rNeg   + + .     SustAt   .     L - +18 shield of the gong {rElec rN+ MR+ EV-5}
rPois  +         Gourm    .     (helmet restricted)
rElec  +         Spirit   .     Y - +2 cloak of the Thief {+Fog Slay-2 SInv Stlth+}
rCorr  +         Warding  .     Z - +0 pair of gloves "Yzyweg Kuwn" {Regen+}
rMut   .         Stasis   +     O - +2 pair of boots of Claustrophobia {*Contam +Fly rElec Slay+3}
MR     +++..     NoCast   +     U - amulet "Doipao" {Stasis +Inv rPois rN+ Int-3}
Stlth  ..........               Q - ring "Omauf" {rC+ Str+7}
                                o - ring of Boerchud {rF+ AC+5 Str+3}

@: studying 2 skills, very slow, extremely resistant to hostile enchantments,
extremely unstealthy
A: retaliatory headbutt, horns 2, breathe flames 1, dopey 1, MP-powered wands
a: Bend Time, Temporal Distortion, Slouch, Step From Time, Renounce Religion,
Breathe Fire, Evoke Fog, Evoke Invisibility, Evoke Flight
0: Orb of Zot


You escaped.
You worshipped Cheibriados.
Cheibriados was exalted by your worship.
You were not hungry.

You visited 1 branch

Inventory:

Hand weapons
 a - a +0 war axe
 J - the +14 obsidian axe (weapon) {chop, +Fly Str+3 SInv *Curse}
   (You found it in the Dungeon)

   It inflicts extra damage upon your enemies.
   It affects your strength (+3).
   It lets you see invisible.
   It lets you fly.
   It may re-curse itself when equipped.
Armour
 K - the +15 Maxwell's patent armour (worn) {-Cast -Tele rElec MR+ rCorr}
   (You found it in the Dungeon)

   It insulates you from electricity.
   It affects your resistance to hostile enchantments.
   It prevents spellcasting.
   It prevents most forms of teleportation.
   It protects you from acid and corrosion.
 L - the +18 shield of the gong (worn) {rElec rN+ MR+ EV-5}
   (You found it in the Dungeon)

   It affects your evasion (-5).
   It insulates you from electricity.
   It protects you from negative energy.
   It affects your resistance to hostile enchantments.
 O - the +2 pair of boots of Claustrophobia (worn) {*Contam +Fly rElec Slay+3}
   (You found it in the Dungeon)

   It affects your accuracy and damage with ranged weapons and melee attacks
   (+3).
   It insulates you from electricity.
   It lets you fly.
   It causes magical contamination when unequipped.
 Y - the +2 cloak of the Thief (worn) {+Fog Slay-2 SInv Stlth+}
   (You found it in the Dungeon)

   It affects your accuracy and damage with ranged weapons and melee attacks
   (-2).
   It lets you see invisible.
   It can be evoked to emit clouds of fog.
   It makes you more stealthy.
 Z - the +0 pair of gloves "Yzyweg Kuwn" (worn) {Regen+}
   (You found it in the Dungeon)

   It increases your rate of regeneration.
Rods
 N - a +3 rod of destruction (11/11)
   (You found it in the Dungeon)
Jewellery
 b - a +4 ring of strength
 o - the ring of Boerchud (left hand) {rF+ AC+5 Str+3}
   (You found it in the Dungeon)

   [ring of protection]

   It affects your AC (+5).
   It affects your strength (+3).
   It protects you from fire.
 D - a +6 ring of dexterity
 E - a +6 ring of dexterity
 F - a +6 ring of intelligence
 H - a +6 ring of strength
 I - a +6 ring of strength
 M - a +4 ring of strength
 Q - the ring "Omauf" (right hand) {rC+ Str+7}
   (You found it in the Dungeon)

   [ring of protection from cold]

   It affects your strength (+7).
   It protects you from cold.
 T - an uncursed amulet of clarity
 U - the amulet "Doipao" (around neck) {Stasis +Inv rPois rN+ Int-3}
   (You found it in the Dungeon)

   [amulet of stasis]

   It prevents you from being teleported, slowed, hasted or paralysed.
   It affects your intelligence (-3).
   It protects you from poison.
   It protects you from negative energy.
   It lets you turn invisible.
 W - an uncursed ring of protection from magic
 X - an uncursed ring of wizardry
Magical devices
 y - a wand of disintegration (7)
 A - a wand of fire (5)
 B - a wand of cold (5)
 C - a wand of draining (5)
 G - a wand of heal wounds (5)
Scrolls
 c - 6 scrolls of brand weapon
 k - 4 scrolls of blinking
 q - 4 scrolls of amnesia
 r - 3 scrolls of recharging
 s - 8 scrolls of fog
 t - a scroll of holy word
 u - 5 scrolls of identify
 v - 4 scrolls of remove curse
 w - 2 scrolls of fear
 V - 8 scrolls of enchant weapon
Potions
 d - 8 potions of might
 f - 10 potions of curing
 g - 10 potions of heal wounds
 h - 10 potions of haste
 i - 3 potions of magic
 j - 3 potions of berserk rage
 l - 2 potions of brilliance
 m - 2 potions of invisibility
 n - 4 potions of resistance
 p - 5 potions of agility
Books
 P - a manual of Long Blades
 S - a manual of Short Blades
Comestibles
 e - 5 bread rations
 x - 42 fruits
 z - 2 meat rations
 R - 9 royal jellies


   Skills:
 O Level 27 Fighting
 O Level 27 Axes
 O Level 27 Armour
 O Level 27 Dodging
 - Level 3.6 Stealth
 O Level 27 Shields
 + Level 15.6 Spellcasting
 + Level 25.2 Invocations
 + Level 19.5 Evocations


You had 49 spell levels left.
You didn't know any spells.

Dungeon Overview and Level Annotations

Branches:
Dungeon (1/1)

Altars:
Ashenzari
Cheibriados
Dithmenos
Elyvilon
Fedhas
Gozag
Kikubaaqudgha
Makhleb
Nemelex Xobeh
Okawaru
Qazlal
Ru
Sif Muna
Trog
Vehumet
Xom
Yredelemnul
Zin
The Shining One
Beogh
Jiyva
Lugonu


Innate Abilities, Weirdness & Mutations

You reflexively headbutt those who attack you in melee.
You have a pair of horns on your head.
You can breathe flames.
You are dopey. (Int -2)
You expend magic power (3 MP) to strengthen your wands.


Message History

You start resting.
Found three items.
You see here a +1 crystal plate armour.
You see here a +2 robe of fire resistance.
You see here an uncursed staff of cold.
You start resting.
HP restored.
You start resting.
Magic restored.
An exit appears before you!
Your surroundings seem different!
Found the Orb of Zot.
Found a staircase leading out of the dungeon.
You see here the Orb of Zot.
You pick up the Orb of Zot!
The Orb lets out a hideous shriek!
The lords of Pandemonium are not amused.
Beware!
Cheibriados tells them not to hurry.
Now all you have to do is get back out of the dungeon!
There is a staircase leading out of the dungeon here.
You can't go down here!
You have escaped!

÷..÷...÷....▓..▓...((..▓..▓...8©8
÷...........▓.▓▓▓..(..▓▓▓.▓..[[)}
.÷.÷...÷....▓..▓.......▓..▓...|)4
...÷÷.......▓.............▓......
....÷.......▓.............▓......
...†††......▓▓▓▓▓▓▓▓▓▓▓▓▓▓▓......
▓.......▓...▓8888888888888▓......
▓▓.....▓▓▓..▓8...........8▓..▓.††
▓.......▓...▓8..@........8▓.▓....
............▓8...........8▓......
............▓8888888888888▓▓▓▓▓▓▓
▓▓▓▓▓▓▓▓▓▓▓▓▓▓▓▓▓▓▓▓▓▓▓▓▓▓▓▓▓▓▓▓▓
.....8©8........▓........8©8.....
.)}:.==)=...):).▓.))"=.:.4.|.....
:)|}.:.[.[)|:[:.▓.)}../).3.)=....
[|))}:)|}|:}|"..▓.|)).=:..=."))..
.....)..........▓.......)).).....


There were no monsters in sight!

Vanquished Creatures
  A shard shrike (D)
  A curse toe (D)
  3 golden dragons (D)
  A pearl dragon (D)
  2 deep elf blademasters (D)
  8 acid blobs (D)
  4 deep elf master archers (D)
  13 Orb Guardians (D)
  6 quicksilver dragons (D)
  A shadow dragon (D)
  A draconian monk (D)
  9 azure jellies (D)
  Donald (D)
  2 deep elf sorcerers (D)
  3 draconian scorchers (D)
  A frost giant (D)
  An iron dragon (D)
  2 draconian knights (D)
  Louise (D)
  6 orc warlords (D)
  A fire giant (D)
  An angel (D)
  A draconian zealot (D)
  9 stone giants (D)
  2 reapers (D)
  A draconian annihilator (D)
  14 green draconians (D)
  2 apis (D)
  Nessos (D)
  2 draconian callers (D)
  10 black draconians (D)
  15 purple draconians (D)
  3 dire elephants (D)
  8 yellow draconians (D)
  Azrael (D)
  13 white draconians (D)
  6 mottled draconians (D)
  11 red draconians (D)
  7 death oozes (D)
  2 merfolk javelineers (D)
  A blizzard demon (D)
  A fire dragon (D)
  A yaktaur captain (D)
  Erolcha (D)
  3 death cobs (D)
  An entropy weaver (D)
  Harold (D)
  A great orb of eyes (D)
  A hydra (D)
  5 ice dragons (D)
  A catoblepas (D)
  6 centaur warriors (D)
  A death yak (D)
  3 orc high priests (D)
  4 soul eaters (D)
  Nergalle (D)
  4 ice devils (D)
  2 skeletal warriors (D)
  2 death drakes (D)
  2 deep elf knights (D)
  A cherub (D)
  9 orc knights (D)
  2 giant orange brains (D)
  2 swamp dragons (D)
  An orb spider (D)
  3 hill giants (D)
  3 shining eyes (D)
  7 hornets (D)
  3 orc sorcerers (D)
  A griffon (D)
  4 moths of wrath (D)
  5 draconians (D)
  A wolf spider (D)
  An ugly thing (D)
  9 cyclopes (D)
  An elephant (D)
  Joseph (D)
  3 eyes of devastation (D)
  2 yaktaurs (D)
  4 spiny frogs (D)
  4 demonic crawlers (D)
  3 blue devils (D)
  3 komodo dragons (D)
  A jumping spider (D)
  A boulder beetle (D)
  4 trolls (D)
  10 merfolk (D)
  Grinder (D)
  2 two-headed ogres (D)
  4 freezing wraiths (D)
  5 fire drakes (D)
  9 slime creatures (D)
  3 blink frogs (D)
  2 redbacks (D)
  A trapdoor spider (D)
  Sigmund (D)
  A flying skull (D)
  A tarantella (D)
  3 golden eyes (D)
  2 yaks (D)
  2 steam dragons (D)
  A basilisk (D)
  A fire bat (shapeshifter) (D)
  Eustachio (D)
  2 neqoxecs (D)
  2 spriggans (D)
  4 hippogriffs (D)
  A deep elf fighter (D)
  7 wyverns (D)
  3 wolves (D)
  Menkaure (D)
  A warg (D)
  4 mottled dragons (D)
  5 water moccasins (D)
  3 swamp drakes (D)
  3 black bears (D)
  4 ogres (D)
  3 eyes of draining (D)
  An eye of draining (shapeshifter) (D)
  6 wasps (D)
  5 orc warriors (D)
  4 crocodiles (D)
  7 centaurs (D)
  A giant frog (D)
  3 scorpions (D)
  4 jellies (D)
  Crazy Yiuf (D)
  Ijyb (D)
  An iguana (D)
  Jessica (D)
  Terence (D)
  4 sheep (D)
  2 mummies (D)
  2 river rats (D)
  5 white imps (D)
  4 adder zombies (D)
  7 adder skeletons (D)
  24 orcs (D)
  3 bat skeletons (D)
  2 bat zombies (D)
  3 goblins (D)
  A hobgoblin (D)
  A ball python skeleton (D)
  A ball python zombie (D)
  2 giant gecko skeletons (D)
  A quokka zombie (D)
  A spectral giant gecko (D)
490 creatures vanquished.

Vanquished Creatures (collateral kills)
  2 deep elf summoners (D)
  An orb spider (D)
  3 slime creatures (D)
  An eye of devastation (D)
  A deep elf priest (D)
  A merfolk (D)
  A wyvern (D)
  A golden eye (D)
  A basilisk (D)
  A hippogriff (D)
  A black bear (D)
  A crocodile (D)
15 creatures vanquished.

Vanquished Creatures (others)
  An Orb Guardian (D)
  A deep elf master archer (D)
  A purple draconian (D)
  A white draconian (D)
  2 red draconians (D)
  A merfolk javelineer (D)
7 creatures vanquished.

Grand Total: 512 creatures vanquished

Notes
Turn   | Place    | Note
--------------------------------------------------------------
     0 | D        | nuthulu the Minotaur Fighter began the quest for the Orb.
     0 | D        | Reached XP level 1. HP: 19/19 MP: 0/0
     0 | D        | Found a roughly hewn altar of Beogh.
     0 | D        | Found a corrupted altar of Lugonu.
     0 | D        | Found a viscous altar of Jiyva.
     0 | D        | Found a white marble altar of Elyvilon.
     0 | D        | Found a sparkling altar of Nemelex Xobeh.
     0 | D        | Found a burning altar of Makhleb.
     0 | D        | Found an iron altar of Okawaru.
     0 | D        | Found a deep blue altar of Sif Muna.
     0 | D        | Found a radiant altar of Vehumet.
     0 | D        | Found a bloodstained altar of Trog.
     0 | D        | Found a shimmering altar of Xom.
    62 | D        | Became a worshipper of Cheibriados the Contemplative
    68 | D        | Reached skill level 5 in Fighting
    68 | D        | Reached skill level 5 in Armour
    68 | D        | Reached skill level 5 in Shields
    68 | D        | Reached XP level 2. HP: 23/29 MP: 1/1
   134 | D        | Entered arena 1.
   134 | D        | Noticed an eye of draining
   134 | D        | Noticed a slime creature
   137 | D        | Killed a slime creature
   137 | D        | Reached skill level 8 in Fighting
   137 | D        | Reached skill level 5 in Axes
   137 | D        | Reached XP level 3. HP: 33/41 MP: 0/2
   137 | D        | Reached XP level 4. HP: 39/49 MP: 0/3
   137 | D        | Reached XP level 5. HP: 43/55 MP: 0/4
   139 | D        | Killed an eye of draining
   139 | D        | Reached skill level 9 in Fighting
   139 | D        | Reached XP level 6. HP: 47/63 MP: 0/5
   218 | D        | Entered arena 2.
   218 | D        | Noticed a scorpion
   218 | D        | Noticed a scorpion
   218 | D        | Noticed a scorpion
   222 | D        | Killed a scorpion
   222 | D        | Killed a scorpion
   222 | D        | Acquired Cheibriados's first power
   223 | D        | Killed a scorpion
   223 | D        | Reached skill level 10 in Fighting
   223 | D        | Reached skill level 10 in Armour
   242 | D        | Entered arena 3.
   242 | D        | Noticed a merfolk
   242 | D        | Noticed a merfolk
   242 | D        | Noticed a merfolk
   242 | D        | Noticed a merfolk
   247 | D        | Killed a merfolk
   247 | D        | Reached skill level 10 in Shields
   247 | D        | Reached XP level 7. HP: 66/73 MP: 6/6
   252 | D        | Killed a merfolk
   252 | D        | Reached skill level 11 in Fighting
   252 | D        | Killed a merfolk
   252 | D        | Acquired Cheibriados's second power
   252 | D        | Reached XP level 8. HP: 72/82 MP: 7/7
   254 | D        | Killed a merfolk
   254 | D        | Reached skill level 12 in Fighting
   258 | D        | Got the ring of Boerchud {rF+ AC+5 Str+3}
   297 | D        | Entered arena 4.
   410 | D        | Entered arena 5.
   410 | D        | Noticed a draconian
   410 | D        | Noticed a draconian
   410 | D        | Noticed a draconian
   410 | D        | Noticed a draconian
   410 | D        | Noticed a draconian
   414 | D        | Noticed a smoke demon
   415 | D        | Killed a draconian
   415 | D        | Acquired Cheibriados's third power
   416 | D        | Killed a draconian
   416 | D        | Reached skill level 10 in Axes
   416 | D        | Killed a draconian
   416 | D        | Reached skill level 13 in Fighting
   416 | D        | Reached XP level 9. HP: 89/93 MP: 8/8
   417 | D        | Killed a draconian
   417 | D        | Acquired Cheibriados's fourth power
   418 | D        | Killed a draconian
   419 | D        | Killed a smoke demon
   450 | D        | Entered arena 6.
   450 | D        | Noticed a neqoxec
   450 | D        | Noticed a two-headed ogre
   450 | D        | Noticed a neqoxec
   450 | D        | Noticed a brown ugly thing
   450 | D        | Noticed an eye of draining
   450 | D        | Noticed a shining eye
   451 | D        | a two-headed ogre changed into a fire bat
   453 | D        | Killed an eye of draining
   454 | D        | Killed a shining eye
   454 | D        | Reached skill level 14 in Shields
   454 | D        | Gained mutation: You are dopey. (Int -2) [a neqoxec]
   455 | D        | Killed a neqoxec
   457 | D        | Killed a neqoxec
   457 | D        | Killed a brown ugly thing
   457 | D        | Reached XP level 10. HP: 101/104 MP: 0/9
   522 | D        | Entered arena 7.
   522 | D        | Noticed a merfolk
   522 | D        | Noticed a merfolk
   522 | D        | Noticed a centaur
   522 | D        | Noticed a hippogriff
   526 | D        | Killed a centaur
   527 | D        | Killed a hippogriff
   528 | D        | Killed a merfolk
   532 | D        | Killed a merfolk
   532 | D        | Reached skill level 15 in Shields
   555 | D        | Entered arena 8.
   555 | D        | Noticed a fire drake
   555 | D        | Noticed a mottled dragon
   555 | D        | Noticed a wyvern
   555 | D        | Noticed a wyvern
   555 | D        | Noticed a steam dragon
   555 | D        | Noticed a wyvern
   555 | D        | Noticed a wyvern
   557 | D        | Killed a wyvern
   558 | D        | Killed a wyvern
   559 | D        | Killed a wyvern
   559 | D        | Killed a fire drake
   560 | D        | Killed a mottled dragon
   561 | D        | Killed a wyvern
   562 | D        | Killed a steam dragon
   562 | D        | Reached skill level 15 in Fighting
   570 | D        | Got the ring "Omauf" {rC+ Str+7}
   594 | D        | Entered arena 9.
   594 | D        | Noticed a merfolk
   594 | D        | Noticed a merfolk
   594 | D        | Noticed a merfolk
   594 | D        | Noticed a hippogriff
   594 | D        | Noticed a merfolk
   594 | D        | Noticed a centaur
   594 | D        | Noticed a merfolk
   596 | D        | Identified the +6 great sword "Wisysib" {venom, rF- MR+ MP+9}
   598 | D        | Killed a merfolk
   598 | D        | Killed a merfolk
   598 | D        | Killed a centaur
   599 | D        | Killed a hippogriff
   599 | D        | Reached skill level 15 in Axes
   600 | D        | Killed a merfolk
   602 | D        | Killed a merfolk
   602 | D        | Reached skill level 16 in Shields
   604 | D        | Killed a merfolk
   655 | D        | Entered arena 10.
   655 | D        | Noticed a wolf
   655 | D        | Noticed a spriggan
   655 | D        | Noticed a black bear
   655 | D        | Noticed a black bear
   655 | D        | Noticed a black bear
   655 | D        | Noticed a black bear
   655 | D        | Noticed a spriggan rider
   655 | D        | Noticed a wolf
   655 | D        | Noticed a wolf
   656 | D        | Killed a wolf
   657 | D        | Killed a wolf
   658 | D        | Killed a spriggan
   658 | D        | Killed a wolf
   659 | D        | Killed a black bear
   659 | D        | Reached skill level 1 in Invocations
   659 | D        | Reached XP level 11. HP: 111/113 MP: 10/10
   662 | D        | Killed a black bear
   662 | D        | Killed a black bear
   663 | D        | Killed a black bear
   664 | D        | Killed a spriggan
   665 | D        | Killed a wasp
   686 | D        | Entered arena 11.
   686 | D        | Noticed a soul eater
   686 | D        | Noticed a soul eater
   686 | D        | Noticed a soul eater
   687 | D        | Noticed a soul eater
   695 | D        | Killed a soul eater
   696 | D        | Killed a soul eater
   698 | D        | Killed a soul eater
   698 | D        | Reached skill level 17 in Shields
   701 | D        | Killed a soul eater
   818 | D        | Entered arena 12.
   818 | D        | Noticed a blink frog
   818 | D        | Noticed a wyvern
   818 | D        | Noticed a blink frog
   818 | D        | Noticed a giant frog
   818 | D        | Noticed an iguana
   819 | D        | Noticed a griffon
   819 | D        | Noticed a fire drake
   819 | D        | Noticed a fire drake
   819 | D        | Noticed a blink frog
   820 | D        | Killed a giant frog
   821 | D        | Killed a blink frog
   822 | D        | Killed a fire drake
   822 | D        | Killed an iguana
   825 | D        | Killed a griffon
   826 | D        | Killed a blink frog
   826 | D        | Reached skill level 5 in Invocations
   826 | D        | Killed a wyvern
   827 | D        | Killed a fire drake
   828 | D        | Killed a blink frog
   835 | D        | Got the amulet "Doipao" {Stasis +Inv rPois rN+ Int-3}
   871 | D        | Entered arena 13.
   872 | D        | Noticed a pearl dragon
   872 | D        | Noticed an apis
   873 | D        | Noticed an angel
   873 | D        | Noticed a cherub
   873 | D        | Noticed an apis
   877 | D        | Killed a pearl dragon
   877 | D        | Reached skill level 18 in Shields
   878 | D        | Killed an angel
   878 | D        | Reached skill level 15 in Armour
   878 | D        | Reached XP level 12. HP: 80/125 MP: 4/16
   881 | D        | Killed an apis
   882 | D        | Killed an apis
   882 | D        | Reached skill level 19 in Shields
   882 | D        | Killed a cherub
  1062 | D        | Entered arena 14.
  1063 | D        | Noticed a boulder beetle
  1063 | D        | Noticed an orb spider
  1063 | D        | Noticed a redback
  1063 | D        | Noticed a hornet
  1063 | D        | Noticed a demonic crawler
  1064 | D        | Noticed a wasp
  1064 | D        | Noticed a trapdoor spider
  1064 | D        | Killed a redback
  1064 | D        | Killed a wasp
  1065 | D        | Noticed a jumping spider
  1065 | D        | Killed a hornet
  1065 | D        | Killed a demonic crawler
  1065 | D        | Killed an orb spider
  1065 | D        | Killed a trapdoor spider
  1065 | D        | Killed a jumping spider
  1066 | D        | Noticed a hornet
  1066 | D        | Noticed a hornet
  1066 | D        | Noticed a demonic crawler
  1067 | D        | Killed a hornet
  1067 | D        | Killed a hornet
  1068 | D        | Noticed a wasp
  1068 | D        | Noticed a wasp
  1070 | D        | Killed a demonic crawler
  1070 | D        | Killed a wasp
  1071 | D        | Killed a boulder beetle
  1074 | D        | Killed a wasp
  1086 | D        | Entered arena 15.
  1087 | D        | Noticed an orb spider
  1087 | D        | Noticed a hornet
  1087 | D        | Noticed a moth of wrath
  1087 | D        | Noticed a demonic crawler
  1087 | D        | Noticed a wasp
  1087 | D        | Noticed a hornet
  1087 | D        | Noticed a wasp
  1088 | D        | Noticed a demonic crawler
  1088 | D        | Noticed a wolf spider
  1088 | D        | Noticed a tarantella
  1088 | D        | Noticed a redback
  1088 | D        | Noticed a hornet
  1088 | D        | Noticed a hornet
  1088 | D        | Noticed an entropy weaver
  1089 | D        | Killed a wasp
  1090 | D        | Killed a wasp
  1090 | D        | Reached skill level 10 in Invocations
  1090 | D        | Killed a hornet
  1090 | D        | Killed a redback
  1090 | D        | Killed a tarantella
  1090 | D        | Killed a wolf spider
  1091 | D        | Killed a hornet
  1092 | D        | Killed a hornet
  1092 | D        | Killed a moth of wrath
  1092 | D        | Killed a hornet
  1092 | D        | Killed a demonic crawler
  1094 | D        | Killed a demonic crawler
  1098 | D        | Killed an entropy weaver
  1099 | D        | Killed an orb spider
  1284 | D        | Entered arena 16.
  1287 | D        | Noticed a deep elf blademaster
  1287 | D        | Noticed a deep elf sorcerer
  1287 | D        | Noticed a deep elf summoner
  1287 | D        | Noticed a deep elf priest
  1287 | D        | Noticed a deep elf knight
  1287 | D        | Noticed a deep elf master archer
  1287 | D        | Noticed a deep elf summoner
  1287 | D        | Noticed a deep elf blademaster
  1287 | D        | Noticed a deep elf sorcerer
  1288 | D        | Noticed a deep elf fighter
  1289 | D        | Noticed a deep elf master archer
  1289 | D        | Killed a deep elf fighter
  1290 | D        | Noticed a deep elf master archer
  1292 | D        | Noticed a deep elf knight
  1292 | D        | Killed a deep elf blademaster
  1292 | D        | Reached skill level 20 in Shields
  1292 | D        | Reached XP level 13. HP: 128/134 MP: 9/21
  1294 | D        | Killed a deep elf blademaster
  1294 | D        | Killed a deep elf summoner
  1294 | D        | Killed a deep elf summoner
  1294 | D        | Killed a deep elf priest
  1296 | D        | Killed a deep elf sorcerer
  1297 | D        | Killed a deep elf sorcerer
  1297 | D        | Reached skill level 1 in Stealth
  1298 | D        | Killed a deep elf master archer
  1298 | D        | Killed a deep elf master archer
  1299 | D        | Killed a deep elf master archer
  1299 | D        | Reached skill level 15 in Invocations
  1303 | D        | Killed a deep elf knight
  1311 | D        | Killed a deep elf knight
  1397 | D        | Entered arena 17.
  1402 | D        | Noticed an orc knight
  1402 | D        | Noticed an orc knight
  1402 | D        | Noticed an orc sorcerer
  1402 | D        | Noticed an ogre
  1403 | D        | Noticed an orc warrior
  1403 | D        | Noticed an ogre
  1403 | D        | Noticed an orc warrior
  1404 | D        | Noticed an orc knight
  1404 | D        | Killed an ogre
  1404 | D        | Killed an orc sorcerer
  1404 | D        | Killed an ogre
  1404 | D        | Killed an orc warrior
  1405 | D        | Noticed an orc knight
  1406 | D        | Killed an orc knight
  1406 | D        | Reached skill level 21 in Axes
  1408 | D        | Killed an orc knight
  1410 | D        | Killed an orc warrior
  1412 | D        | Killed an orc knight
  1415 | D        | Killed an orc knight
  1483 | D        | Entered arena 18.
  1486 | D        | Noticed a cyclops
  1486 | D        | Noticed an ogre
  1486 | D        | Noticed a frost giant
  1486 | D        | Noticed a cyclops
  1486 | D        | Noticed a hill giant
  1486 | D        | Noticed a troll
  1486 | D        | Noticed a cyclops
  1486 | D        | Noticed a two-headed ogre
  1486 | D        | Noticed a troll
  1487 | D        | Noticed a two-headed ogre
  1487 | D        | Noticed a hill giant
  1487 | D        | Noticed a fire giant
  1487 | D        | Noticed a stone giant
  1487 | D        | Noticed a hill giant
  1487 | D        | Noticed a stone giant
  1487 | D        | Noticed a troll
  1487 | D        | Noticed a cyclops
  1488 | D        | Noticed a cyclops
  1488 | D        | Killed a two-headed ogre
  1488 | D        | Killed an ogre
  1488 | D        | Killed a troll
  1488 | D        | Killed a two-headed ogre
  1489 | D        | Killed a troll
  1489 | D        | Killed a troll
  1489 | D        | Killed a hill giant
  1490 | D        | Noticed a troll
  1490 | D        | Noticed a cyclops
  1490 | D        | Killed a hill giant
  1490 | D        | Killed a hill giant
  1492 | D        | Killed a stone giant
  1492 | D        | Killed a stone giant
  1492 | D        | Killed a fire giant
  1492 | D        | Reached XP level 14. HP: 69/144 MP: 4/25
  1494 | D        | Killed a cyclops
  1495 | D        | Killed a frost giant
  1495 | D        | Killed a troll
  1497 | D        | Killed a cyclops
  1497 | D        | Killed a cyclops
  1498 | D        | Killed a cyclops
  1501 | D        | Killed a cyclops
  1502 | D        | Killed a cyclops
  1822 | D        | Entered arena 19.
  1827 | D        | Noticed Crazy Yiuf
  1827 | D        | Noticed Azrael
  1827 | D        | Noticed Erolcha
  1827 | D        | Noticed Sigmund
  1827 | D        | Noticed Joseph
  1827 | D        | Noticed Menkaure
  1827 | D        | Noticed Harold
  1828 | D        | Noticed Nergalle
  1828 | D        | Noticed Grinder
  1828 | D        | Noticed Donald
  1828 | D        | Noticed Terence
  1828 | D        | Noticed Eustachio
  1828 | D        | Noticed Louise
  1828 | D        | Noticed Ijyb
  1828 | D        | Noticed Jessica
  1829 | D        | Noticed Nessos
  1830 | D        | Killed Sigmund
  1830 | D        | Killed Crazy Yiuf
  1830 | D        | Killed Ijyb
  1830 | D        | Killed Nessos
  1830 | D        | Reached skill level 22 in Axes
  1830 | D        | Killed Jessica
  1830 | D        | Killed Terence
  1831 | D        | Killed Grinder
  1831 | D        | Reached skill level 5 in Dodging
  1831 | D        | Killed Eustachio
  1831 | D        | Killed Erolcha
  1831 | D        | Killed Menkaure
  1831 | D        | Killed Nergalle
  1831 | D        | Killed Harold
  1831 | D        | Killed Joseph
  1832 | D        | Killed Donald
  1832 | D        | Killed Louise
  1836 | D        | Killed Azrael
  2020 | D        | Entered arena 20.
  2024 | D        | Noticed a centaur warrior
  2024 | D        | Noticed a centaur
  2024 | D        | Noticed a centaur
  2024 | D        | Noticed a centaur warrior
  2024 | D        | Noticed a stone giant
  2024 | D        | Noticed a yaktaur captain
  2024 | D        | Noticed a cyclops
  2024 | D        | Noticed a centaur warrior
  2024 | D        | Noticed a merfolk javelineer
  2024 | D        | Noticed a merfolk javelineer
  2025 | D        | Noticed a centaur
  2025 | D        | Noticed a yaktaur
  2025 | D        | Noticed a centaur warrior
  2025 | D        | Noticed a stone giant
  2025 | D        | Noticed a stone giant
  2025 | D        | Noticed a deep elf master archer
  2025 | D        | Noticed a centaur warrior
  2025 | D        | Noticed a deep elf master archer
  2026 | D        | Noticed a centaur
  2026 | D        | Noticed a merfolk javelineer
  2026 | D        | Noticed a cyclops
  2026 | D        | Noticed a centaur warrior
  2026 | D        | Noticed a cyclops
  2026 | D        | Killed a centaur
  2026 | D        | Killed a centaur
  2026 | D        | Killed a centaur
  2026 | D        | Killed a centaur
  2027 | D        | Noticed a yaktaur
  2027 | D        | Killed a centaur warrior
  2027 | D        | Killed a centaur warrior
  2027 | D        | Killed a centaur warrior
  2027 | D        | Killed a centaur warrior
  2027 | D        | Killed a centaur warrior
  2027 | D        | Killed a centaur warrior
  2028 | D        | Noticed a centaur
  2028 | D        | Killed a yaktaur
  2028 | D        | Killed a centaur
  2028 | D        | Killed a merfolk javelineer
  2028 | D        | Reached skill level 10 in Dodging
  2029 | D        | Killed a merfolk javelineer
  2029 | D        | Killed a deep elf master archer
  2029 | D        | Killed a yaktaur
  2029 | D        | Killed a yaktaur captain
  2030 | D        | Killed a stone giant
  2030 | D        | Killed a stone giant
  2030 | D        | Killed a stone giant
  2030 | D        | Reached skill level 23 in Axes
  2030 | D        | Killed a deep elf master archer
  2030 | D        | Killed a merfolk javelineer
  2033 | D        | Killed a cyclops
  2034 | D        | Killed a cyclops
  2035 | D        | Killed a cyclops
  2042 | D        | Got the +2 pair of boots of Claustrophobia {*Contam +Fly rElec Slay+3}
  2143 | D        | Entered arena 21.
  2147 | D        | Noticed a swamp drake
  2147 | D        | Noticed a wyvern
  2147 | D        | Noticed a death drake
  2147 | D        | Noticed a death drake
  2147 | D        | Noticed a swamp dragon
  2147 | D        | Noticed a golden dragon
  2147 | D        | Noticed a steam dragon
  2148 | D        | Noticed a quicksilver dragon
  2148 | D        | Noticed a quicksilver dragon
  2148 | D        | Noticed a quicksilver dragon
  2148 | D        | Noticed an iron dragon
  2148 | D        | Noticed a swamp drake
  2148 | D        | Noticed a swamp dragon
  2148 | D        | Noticed a quicksilver dragon
  2148 | D        | Killed a wyvern
  2149 | D        | Noticed a quicksilver dragon
  2149 | D        | Noticed a shadow dragon
  2149 | D        | Noticed a mottled dragon
  2149 | D        | Noticed an ice dragon
  2149 | D        | Noticed a mottled dragon
  2149 | D        | Noticed an ice dragon
  2149 | D        | Killed a swamp drake
  2149 | D        | Killed a swamp drake
  2149 | D        | Killed a steam dragon
  2149 | D        | Noticed a swamp drake
  2150 | D        | Noticed a quicksilver dragon
  2150 | D        | Noticed a fire drake
  2150 | D        | Noticed a wyvern
  2150 | D        | Killed a death drake
  2150 | D        | Killed a death drake
  2150 | D        | Killed a quicksilver dragon
  2150 | D        | Killed a quicksilver dragon
  2150 | D        | Reached XP level 15. HP: 155/158 MP: 15/26
  2150 | D        | Killed a quicksilver dragon
  2150 | D        | Killed a quicksilver dragon
  2150 | D        | Reached skill level 15 in Dodging
  2150 | D        | Killed a quicksilver dragon
  2150 | D        | Killed a mottled dragon
  2150 | D        | Killed a mottled dragon
  2150 | D        | Killed a wyvern
  2151 | D        | Noticed a wyvern
  2151 | D        | Noticed an ice dragon
  2151 | D        | Killed a swamp dragon
  2151 | D        | Killed a swamp drake
  2151 | D        | Killed a fire drake
  2151 | D        | Killed a wyvern
  2152 | D        | Noticed a fire dragon
  2152 | D        | Noticed a golden dragon
  2152 | D        | Noticed a mottled dragon
  2152 | D        | Killed a swamp dragon
  2152 | D        | Killed a quicksilver dragon
  2152 | D        | Reached skill level 24 in Axes
  2154 | D        | Killed a golden dragon
  2154 | D        | Killed an ice dragon
  2154 | D        | Killed an ice dragon
  2154 | D        | Killed a mottled dragon
  2158 | D        | Killed a shadow dragon
  2158 | D        | Killed an iron dragon
  2159 | D        | Killed an ice dragon
  2160 | D        | Killed a golden dragon
  2160 | D        | Killed a fire dragon
  2407 | D        | Entered arena 22.
  2414 | D        | Noticed a dire elephant
  2414 | D        | Noticed a fire drake
  2414 | D        | Noticed a water moccasin
  2414 | D        | Noticed a crocodile
  2414 | D        | Noticed a water moccasin
  2414 | D        | Noticed a spiny frog
  2414 | D        | Noticed a dire elephant
  2414 | D        | Noticed a death yak
  2414 | D        | Noticed a crocodile
  2414 | D        | Noticed an eight-headed hydra
  2414 | D        | Noticed a water moccasin
  2415 | D        | Noticed a spiny frog
  2415 | D        | Noticed a yak
  2415 | D        | Noticed a basilisk
  2415 | D        | Noticed a hippogriff
  2415 | D        | Noticed a spiny frog
  2415 | D        | Noticed a komodo dragon
  2415 | D        | Noticed a crocodile
  2415 | D        | Noticed a hippogriff
  2415 | D        | Noticed a spiny frog
  2415 | D        | Killed a water moccasin
  2415 | D        | Killed a water moccasin
  2415 | D        | Killed a water moccasin
  2416 | D        | Noticed a catoblepas
  2416 | D        | Noticed a yak
  2416 | D        | Noticed a water moccasin
  2416 | D        | Noticed a komodo dragon
  2416 | D        | Noticed a dire elephant
  2416 | D        | Noticed an elephant
  2416 | D        | Noticed a komodo dragon
  2416 | D        | Killed a spiny frog
  2416 | D        | Killed a crocodile
  2416 | D        | Killed a spiny frog
  2416 | D        | Killed a fire drake
  2416 | D        | Killed a komodo dragon
  2416 | D        | Killed a hippogriff
  2416 | D        | Killed a spiny frog
  2416 | D        | Killed a crocodile
  2416 | D        | Killed a crocodile
  2416 | D        | Killed a spiny frog
  2416 | D        | Killed a yak
  2416 | D        | Killed a water moccasin
  2417 | D        | Noticed a basilisk
  2417 | D        | Noticed a crocodile
  2417 | D        | Noticed a water moccasin
  2417 | D        | Killed a hippogriff
  2417 | D        | Killed a basilisk
  2417 | D        | Killed a yak
  2417 | D        | Killed a komodo dragon
  2417 | D        | Killed a crocodile
  2417 | D        | Killed a water moccasin
  2418 | D        | Noticed a hippogriff
  2418 | D        | Noticed a crocodile
  2419 | D        | Killed a nine-headed hydra
  2420 | D        | Killed a dire elephant
  2420 | D        | Reached skill level 25 in Axes
  2421 | D        | Killed a death yak
  2423 | D        | Killed an elephant
  2423 | D        | Killed a dire elephant
  2423 | D        | Killed a dire elephant
  2424 | D        | Killed a basilisk
  2424 | D        | Killed a komodo dragon
  2425 | D        | Killed a crocodile
  2433 | D        | Killed a catoblepas
  2434 | D        | Killed a hippogriff
  2523 | D        | Entered arena 23.
  2530 | D        | Noticed an ice devil
  2530 | D        | Noticed a reaper
  2530 | D        | Noticed an ice devil
  2530 | D        | Noticed a flying skull
  2530 | D        | Noticed a freezing wraith
  2530 | D        | Noticed a blue devil
  2530 | D        | Noticed a reaper
  2531 | D        | Noticed a blue devil
  2531 | D        | Noticed a skeletal warrior
  2531 | D        | Noticed an ice devil
  2531 | D        | Noticed an ice dragon
  2531 | D        | Killed a flying skull
  2532 | D        | Noticed a freezing wraith
  2532 | D        | Killed a freezing wraith
  2533 | D        | Killed a blue devil
  2533 | D        | Killed a blue devil
  2534 | D        | Killed a reaper
  2534 | D        | Killed a reaper
  2534 | D        | Killed an ice devil
  2534 | D        | Killed an ice devil
  2534 | D        | Killed a skeletal warrior
  2534 | D        | Killed a freezing wraith
  2535 | D        | Killed an ice devil
  2535 | D        | Reached XP level 16. HP: 168/171 MP: 6/27
  2536 | D        | Noticed a shard shrike
  2536 | D        | Noticed an ice dragon
  2538 | D        | Killed an ice dragon
  2539 | D        | Noticed a blue devil
  2539 | D        | Noticed a freezing wraith
  2539 | D        | Noticed an ice devil
  2540 | D        | Noticed a skeletal warrior
  2540 | D        | Noticed a freezing wraith
  2541 | D        | Noticed a blizzard demon
  2541 | D        | Killed a blue devil
  2544 | D        | Killed a shard shrike
  2545 | D        | Killed a freezing wraith
  2546 | D        | Killed an ice dragon
  2546 | D        | Killed an ice devil
  2547 | D        | Killed a freezing wraith
  2548 | D        | Killed a blizzard demon
  2550 | D        | Killed a skeletal warrior
  2650 | D        | Entered arena 24.
  2650 | D        | Noticed a warg
  2652 | D        | Killed a warg
  2655 | D        | Noticed an orc warrior
  2655 | D        | Noticed an orc knight
  2655 | D        | Noticed an orc high priest
  2655 | D        | Noticed a stone giant
  2655 | D        | Noticed an orc sorcerer
  2655 | D        | Noticed a moth of wrath
  2656 | D        | Noticed an orc knight
  2656 | D        | Noticed an orc warrior
  2656 | D        | Noticed a stone giant
  2656 | D        | Noticed an orc warlord
  2656 | D        | Noticed a stone giant
  2657 | D        | Noticed an orc warlord
  2657 | D        | Noticed an orc warlord
  2657 | D        | Noticed an orc warlord
  2657 | D        | Noticed an orc knight
  2657 | D        | Noticed an orc warlord
  2657 | D        | Noticed an orc knight
  2657 | D        | Killed an orc warrior
  2658 | D        | Noticed an ogre
  2658 | D        | Killed a moth of wrath
  2658 | D        | Killed an orc warrior
  2658 | D        | Killed an orc sorcerer
  2658 | D        | Killed an ogre
  2659 | D        | Noticed an orc high priest
  2659 | D        | Killed an orc knight
  2659 | D        | Killed an orc high priest
  2659 | D        | Reached skill level 26 in Axes
  2660 | D        | Noticed an orc knight
  2660 | D        | Noticed an orc warlord
  2660 | D        | Noticed an orc sorcerer
  2660 | D        | Noticed an orc high priest
  2661 | D        | Noticed a stone giant
  2661 | D        | Noticed an orc warrior
  2662 | D        | Killed a stone giant
  2662 | D        | Killed a stone giant
  2662 | D        | Killed an orc knight
  2663 | D        | Killed an orc knight
  2663 | D        | Killed an orc warrior
  2663 | D        | Killed an orc sorcerer
  2664 | D        | Killed an orc knight
  2664 | D        | Killed an orc high priest
  2664 | D        | Killed an orc high priest
  2665 | D        | Killed an orc warlord
  2665 | D        | Killed an orc warlord
  2665 | D        | Killed a stone giant
  2665 | D        | Killed an orc warlord
  2665 | D        | Killed an orc warlord
  2666 | D        | Killed an orc warlord
  2668 | D        | Killed an orc warlord
  2668 | D        | Killed an orc knight
  2669 | D        | Killed a stone giant
  2765 | D        | Got the cursed +0 pair of gloves "Yzyweg Kuwn" {Regen+}
  2790 | D        | Entered arena 25.
  2799 | D        | Noticed a green draconian
  2799 | D        | Noticed a red draconian
  2799 | D        | Noticed an Orb Guardian
  2799 | D        | Noticed a black draconian scorcher
  2799 | D        | Noticed a red draconian knight
  2799 | D        | Noticed an Orb Guardian
  2799 | D        | Noticed a purple draconian
  2799 | D        | Noticed an Orb Guardian
  2799 | D        | Noticed a yellow draconian
  2799 | D        | Noticed a black draconian
  2799 | D        | Noticed an Orb Guardian
  2799 | D        | Noticed a death cob
  2799 | D        | Noticed an Orb Guardian
  2799 | D        | Noticed a green draconian
  2799 | D        | Noticed a red draconian
  2799 | D        | Noticed a purple draconian
  2799 | D        | Noticed a curse toe
  2799 | D        | Noticed a green draconian
  2799 | D        | Noticed a green draconian
  2799 | D        | Noticed a moth of wrath
  2799 | D        | Noticed a red draconian
  2799 | D        | Noticed a purple draconian
  2799 | D        | Noticed a purple draconian
  2800 | D        | Noticed an Orb Guardian
  2800 | D        | Noticed a red draconian
  2800 | D        | Noticed a green draconian
  2800 | D        | Noticed an Orb Guardian
  2800 | D        | Noticed a purple draconian
  2800 | D        | Killed a death cob
  2801 | D        | Noticed an Orb Guardian
  2801 | D        | Noticed an Orb Guardian
  2801 | D        | Noticed a purple draconian
  2801 | D        | Noticed a green draconian
  2801 | D        | Noticed a death cob
  2801 | D        | Killed an Orb Guardian
  2801 | D        | Killed a death cob
  2801 | D        | Killed an Orb Guardian
  2802 | D        | Noticed a death cob
  2802 | D        | Noticed a red draconian
  2802 | D        | Noticed a purple draconian
  2802 | D        | Noticed a red draconian
  2802 | D        | Noticed a black draconian
  2802 | D        | Noticed an Orb Guardian
  2802 | D        | Killed an Orb Guardian
  2802 | D        | Reached skill level 27 in Axes
  2802 | D        | Reached skill level 27 in Shields
  2802 | D        | Killed an Orb Guardian
  2802 | D        | Killed an Orb Guardian
  2802 | D        | Killed an Orb Guardian
  2802 | D        | Killed an Orb Guardian
  2802 | D        | Killed an Orb Guardian
  2802 | D        | Killed a moth of wrath
  2802 | D        | Reached skill level 27 in Armour
  2802 | D        | Killed a death cob
  2802 | D        | Killed an Orb Guardian
  2802 | D        | Killed a red draconian
  2803 | D        | Noticed a green draconian
  2803 | D        | Noticed a purple draconian
  2803 | D        | Noticed a black draconian
  2803 | D        | Killed a yellow draconian
  2803 | D        | Reached XP level 17. HP: 112/189 MP: 12/28
  2803 | D        | Killed a red draconian knight
  2803 | D        | Killed a purple draconian
  2803 | D        | Killed a red draconian
  2803 | D        | Killed a red draconian
  2803 | D        | Killed a black draconian scorcher
  2803 | D        | Reached skill level 27 in Fighting
  2803 | D        | Killed a purple draconian
  2803 | D        | Killed a black draconian
  2803 | D        | Killed a green draconian
  2803 | D        | Killed a green draconian
  2803 | D        | Killed a purple draconian
  2803 | D        | Killed an Orb Guardian
  2803 | D        | Killed a green draconian
  2803 | D        | Killed a green draconian
  2803 | D        | Killed a purple draconian
  2804 | D        | Noticed a white draconian
  2804 | D        | Noticed an Orb Guardian
  2804 | D        | Killed a purple draconian
  2804 | D        | Killed an Orb Guardian
  2805 | D        | Noticed a golden dragon
  2806 | D        | Killed a purple draconian
  2807 | D        | Noticed a moth of wrath
  2807 | D        | Noticed an Orb Guardian
  2807 | D        | Noticed a white draconian
  2807 | D        | Noticed a purple draconian
  2807 | D        | Killed a green draconian
  2807 | D        | Killed a green draconian
  2807 | D        | Killed a purple draconian
  2808 | D        | Noticed an Orb Guardian
  2809 | D        | Noticed an Orb Guardian
  2809 | D        | Killed a red draconian
  2809 | D        | Killed a green draconian
  2810 | D        | Killed a black draconian
  2812 | D        | Killed a black draconian
  2814 | D        | Killed an Orb Guardian
  2814 | D        | Killed a red draconian
  2814 | D        | Killed a golden dragon
  2814 | D        | Killed a red draconian
  2814 | D        | Killed an Orb Guardian
  2814 | D        | Killed a purple draconian
  2814 | D        | Killed a white draconian
  2814 | D        | Killed a purple draconian
  2814 | D        | Killed a moth of wrath
  2814 | D        | Killed a white draconian
  2814 | D        | Killed an Orb Guardian
  2821 | D        | Killed a curse toe
  2821 | D        | Reached skill level 27 in Dodging
  2969 | D        | Entered arena 26.
  2977 | D        | Noticed a slime creature
  2977 | D        | Noticed an eye of devastation
  2977 | D        | Noticed a jelly
  2977 | D        | Noticed a slime creature
  2977 | D        | Noticed an azure jelly
  2978 | D        | Noticed a slime creature
  2978 | D        | Noticed an acid blob
  2978 | D        | Noticed a death ooze
  2978 | D        | Noticed an eye of draining
  2978 | D        | Noticed a giant orange brain
  2978 | D        | Noticed an acid blob
  2978 | D        | Noticed a death ooze
  2978 | D        | Noticed an eye of draining
  2978 | D        | Noticed an acid blob
  2978 | D        | Noticed an acid blob
  2978 | D        | Noticed a golden eye
  2978 | D        | Noticed an azure jelly
  2978 | D        | Noticed a death ooze
  2978 | D        | Noticed an acid blob
  2978 | D        | Noticed a great orb of eyes
  2979 | D        | Killed a golden eye
  2979 | D        | Noticed a slime creature
  2979 | D        | Noticed a jelly
  2979 | D        | Noticed a giant orange brain
  2979 | D        | Noticed an azure jelly
  2979 | D        | Noticed an azure jelly
  2979 | D        | Noticed an acid blob
  2980 | D        | Noticed a slime creature
  2980 | D        | Killed a jelly
  2981 | D        | Noticed a slime creature
  2981 | D        | Noticed a slime creature
  2981 | D        | Noticed a golden eye
  2981 | D        | Noticed a death ooze
  2981 | D        | Noticed a slime creature
  2981 | D        | Noticed an azure jelly
  2981 | D        | Killed a death ooze
  2981 | D        | Killed a giant orange brain
  2981 | D        | Killed a death ooze
  2981 | D        | Killed a great orb of eyes
  2981 | D        | Reached skill level 5 in Evocations
  2981 | D        | Killed a jelly
  2981 | D        | Killed a golden eye
  2981 | D        | Killed a slime creature
  2981 | D        | Noticed an eye of devastation
  2982 | D        | Noticed an acid blob
  2982 | D        | Noticed an azure jelly
  2982 | D        | Noticed a slime creature
  2982 | D        | Noticed an acid blob
  2982 | D        | Noticed a death ooze
  2982 | D        | Noticed an eye of devastation
  2982 | D        | Noticed a jelly
  2982 | D        | Killed an azure jelly
  2983 | D        | Noticed an azure jelly
  2983 | D        | Noticed a death ooze
  2983 | D        | Noticed a slime creature
  2983 | D        | Noticed an azure jelly
  2983 | D        | Killed an acid blob
  2983 | D        | Reached skill level 5 in Spellcasting
  2984 | D        | Noticed a slime creature
  2984 | D        | Noticed a slime creature
  2984 | D        | Noticed an azure jelly
  2984 | D        | Noticed a shining eye
  2984 | D        | Killed an acid blob
  2984 | D        | Killed an acid blob
  2984 | D        | Killed an azure jelly
  2984 | D        | Killed a death ooze
  2984 | D        | Killed a slime creature
  2984 | D        | Killed an acid blob
  2984 | D        | Killed a slime creature
  2984 | D        | Killed a death ooze
  2984 | D        | Killed a jelly
  2985 | D        | Noticed a shining eye
  2985 | D        | Noticed a death ooze
  2985 | D        | Noticed a jelly
  2986 | D        | Noticed a slime creature
  2986 | D        | Killed an acid blob
  2986 | D        | Killed a slime creature
  2986 | D        | Killed an azure jelly
  2986 | D        | Reached skill level 10 in Evocations
  2986 | D        | Killed a slime creature
  2986 | D        | Killed a death ooze
  2986 | D        | Killed a slime creature
  2986 | D        | Killed a death ooze
  2987 | D        | Killed an azure jelly
  2987 | D        | Killed an eye of devastation
  2988 | D        | Noticed a golden eye
  2988 | D        | Killed an acid blob
  2989 | D        | Killed an azure jelly
  2989 | D        | Killed an acid blob
  2989 | D        | Reached XP level 18. HP: 172/200 MP: 16/31
  2990 | D        | Killed an azure jelly
  2990 | D        | Killed an azure jelly
  2990 | D        | Killed a death ooze
  2990 | D        | Killed a jelly
  2990 | D        | Killed a golden eye
  2990 | D        | Killed an azure jelly
  2990 | D        | Reached skill level 10 in Spellcasting
  2991 | D        | Killed an azure jelly
  2991 | D        | Killed an eye of draining
  2992 | D        | Killed an acid blob
  2992 | D        | Killed a slime creature
  2993 | D        | Killed a slime creature
  2993 | D        | Killed a large slime creature
  2994 | D        | Killed a large slime creature
  2995 | D        | Noticed an eye of devastation
  2995 | D        | Killed a slime creature
  2995 | D        | Gained mutation: You expend magic power (3 MP) to strengthen your wands. [a shining eye]
  2995 | D        | Gained mutation: You can breathe flames. [a shining eye]
  2996 | D        | Killed a shining eye
  2996 | D        | Killed an eye of devastation
  2996 | D        | Killed a giant orange brain
  2997 | D        | Killed a shining eye
  2997 | D        | Killed an eye of draining
  2999 | D        | Killed an eye of devastation
  3000 | D        | Noticed a golden eye
  3001 | D        | Killed an eye of devastation
  3003 | D        | Killed a golden eye
  3119 | D        | Entered arena 27.
  3127 | D        | Noticed a black draconian
  3128 | D        | Noticed a black draconian
  3128 | D        | Noticed a white draconian
  3128 | D        | Noticed a yellow draconian
  3128 | D        | Noticed a yellow draconian
  3128 | D        | Noticed a mottled draconian
  3128 | D        | Noticed a green draconian
  3128 | D        | Noticed a purple draconian
  3128 | D        | Noticed a green draconian caller
  3128 | D        | Noticed a white draconian
  3128 | D        | Noticed a red draconian
  3128 | D        | Noticed a yellow draconian
  3128 | D        | Noticed a purple draconian
  3128 | D        | Noticed a red draconian
  3129 | D        | Noticed a yellow draconian scorcher
  3129 | D        | Noticed a mottled draconian caller
  3129 | D        | Noticed a white draconian
  3129 | D        | Noticed a yellow draconian
  3129 | D        | Noticed a mottled draconian
  3129 | D        | Noticed a white draconian
  3129 | D        | Noticed a black draconian
  3129 | D        | Noticed a purple draconian
  3129 | D        | Noticed a green draconian
  3129 | D        | Noticed a green draconian
  3130 | D        | Noticed a black draconian
  3130 | D        | Noticed a green draconian monk
  3130 | D        | Noticed a mottled draconian
  3130 | D        | Noticed a purple draconian
  3130 | D        | Noticed a yellow draconian
  3130 | D        | Noticed a green draconian
  3130 | D        | Noticed a green draconian
  3130 | D        | Noticed a white draconian
  3130 | D        | Noticed a white draconian
  3130 | D        | Noticed a black draconian
  3130 | D        | Noticed a purple draconian
  3130 | D        | Noticed a white draconian
  3130 | D        | Noticed a green draconian
  3131 | D        | Noticed a yellow draconian
  3131 | D        | Noticed a white draconian
  3131 | D        | Noticed a mottled draconian knight
  3131 | D        | Noticed a green draconian scorcher
  3132 | D        | Noticed a red draconian
  3132 | D        | Noticed a green draconian zealot
  3132 | D        | Noticed a white draconian
  3132 | D        | Noticed a white draconian
  3132 | D        | Noticed a purple draconian
  3132 | D        | Noticed a mottled draconian
  3133 | D        | Noticed a red draconian
  3133 | D        | Noticed a white draconian
  3133 | D        | Noticed a mottled draconian
  3133 | D        | Noticed a white draconian
  3133 | D        | Killed a red draconian
  3133 | D        | Killed a white draconian
  3133 | D        | Killed a green draconian caller
  3133 | D        | Killed a yellow draconian
  3133 | D        | Killed a yellow draconian
  3133 | D        | Killed a mottled draconian
  3133 | D        | Killed a purple draconian
  3134 | D        | Noticed a purple draconian annihilator
  3134 | D        | Noticed a red draconian
  3134 | D        | Noticed a mottled draconian
  3134 | D        | Noticed a red draconian
  3134 | D        | Noticed a black draconian
  3134 | D        | Killed a green draconian
  3134 | D        | Killed a yellow draconian
  3134 | D        | Killed a white draconian
  3134 | D        | Killed a green draconian
  3134 | D        | Killed a black draconian
  3134 | D        | Reached skill level 15 in Evocations
  3134 | D        | Killed a white draconian
  3134 | D        | Killed a yellow draconian
  3134 | D        | Killed a purple draconian
  3134 | D        | Killed a black draconian
  3134 | D        | Killed a white draconian
  3134 | D        | Killed a black draconian
  3134 | D        | Killed a yellow draconian scorcher
  3134 | D        | Killed a white draconian
  3134 | D        | Killed a black draconian
  3134 | D        | Killed a yellow draconian
  3134 | D        | Killed a green draconian
  3134 | D        | Killed a green draconian
  3134 | D        | Killed a mottled draconian caller
  3134 | D        | Killed a mottled draconian knight
  3135 | D        | Noticed a yellow draconian
  3135 | D        | Noticed a red draconian
  3135 | D        | Noticed a black draconian
  3135 | D        | Killed a white draconian
  3135 | D        | Killed a red draconian
  3136 | D        | Noticed a purple draconian
  3136 | D        | Noticed a green draconian
  3136 | D        | Killed a green draconian
  3136 | D        | Killed a white draconian
  3136 | D        | Killed a white draconian
  3136 | D        | Killed a green draconian
  3136 | D        | Killed a purple draconian
  3136 | D        | Killed a mottled draconian
  3136 | D        | Killed a black draconian
  3136 | D        | Killed a purple draconian
  3136 | D        | Killed a green draconian scorcher
  3136 | D        | Killed a mottled draconian
  3136 | D        | Killed a green draconian zealot
  3136 | D        | Killed a purple draconian
  3137 | D        | Killed a green draconian monk
  3137 | D        | Killed a white draconian
  3138 | D        | Killed a yellow draconian
  3138 | D        | Killed a red draconian
  3138 | D        | Killed a white draconian
  3138 | D        | Killed a mottled draconian
  3138 | D        | Killed a white draconian
  3138 | D        | Killed a purple draconian
  3139 | D        | Killed a red draconian
  3139 | D        | Killed a mottled draconian
  3139 | D        | Killed a white draconian
  3139 | D        | Reached skill level 15 in Spellcasting
  3139 | D        | Killed a red draconian
  3139 | D        | Killed a purple draconian annihilator
  3139 | D        | Reached XP level 19. HP: 130/207 MP: 17/37
  3139 | D        | Killed a purple draconian
  3140 | D        | Killed a red draconian
  3140 | D        | Killed a mottled draconian
  3140 | D        | Killed a black draconian
  3140 | D        | Killed a green draconian
  3141 | D        | Killed a red draconian
  3141 | D        | Killed a yellow draconian
  3141 | D        | Killed a black draconian
  3268 | D        | Got the Orb of Zot
  3273 | D        | Escaped with the Orb!

Vault maps used:
D:        sprint_v

Action                   |  1- 3 |  4- 6 |  7- 9 | 10-12 | 13-15 | 16-18 | 19-21 || total
-------------------------+-------+-------+-------+-------+-------+-------+-------++-------
Melee: Broad axe         |     3 |     8 |    23 |    73 |    48 |    43 |       ||   198
Invok: Slouch            |       |       |       |     8 |    28 |    30 |     3 ||    69
 Abil: Evoke Fog         |       |       |       |       |     1 |       |       ||     1
  Use: Potion            |     1 |       |       |       |     1 |     5 |       ||     7
       Scroll            |       |       |       |       |       |     1 |       ||     1
 Stab: Distracted        |       |       |       |       |     2 |       |       ||     2
       Petrifying        |       |       |       |       |     1 |       |       ||     1
  Eat: Royal jelly       |       |       |       |       |     2 |     1 |       ||     3
       Meat ration       |       |       |       |       |     1 |       |     1 ||     2
